 Dungeon Crawl Stone Soup version 0.24.0-125-gc4c63601f3 (webtiles) character file.

Game seed: 18158091929775310217, levelgen mode: deterministic

107226 jeoneungja the Spear-Bearer (level 16, -2/112 HPs)
             Began as an Octopode Fire Elementalist on Mar 21, 2020.
             Was the Champion of Fedhas.
             Slain by a jumping spider (15 damage)
             ... on level 3 of the Spider Nest on Mar 22, 2020.
             The game lasted 05:07:00 (53198 turns).

jeoneungja the Spear-Bearer (OpFE)                 Turns: 53198, Time: 05:07:00

Health: -2/112     AC:  5    Str:  8    XL:     16   Next: 46%
Magic:  9/32       EV:  9    Int: 33    God:    Fedhas [******]
Gold:   1676       SH:  0    Dex: 22    Spells: 10/39 levels left

rFire    + . .     SeeInvis +   b - +5 short sword "Dufep" {flame, Int+9}
rCold    x . .     Gourm    +   W - +0 shield
rNeg     + . .     Faith    .   J - +2 hat
rPois    +         Spirit   .   j - amulet of the gourmand
rElec    .         Reflect  .   C - +3 ring of dexterity
rCorr    .         Harm     .   G - ring of see invisible
MR       +....     Clarity  +   O - +3 ring of dexterity
Stlth    ++++++....             c - ring "Suebyz" {rPois Int+4 Stlth+}
HPRegen  0.28/turn              B - ring of positive energy
MPRegen  0.23/turn              R - ring of fire
                                U - +3 ring of slaying
                                Y - ring of wizardry

@: held
A: almost no armour, stealthy swim, amphibious, 8 rings, constrict 8, icy blue
scales 1, camouflage 1, clarity, gelatinous body 1
a: Wall of Briars, Grow Ballistomycete, Overgrow, Grow Oklob, Renounce Religion


You were on level 3 of the Spider Nest.
You worshipped Fedhas.
Fedhas was exalted by your worship.
You were not hungry.

You visited 5 branches of the dungeon, and saw 27 of its levels.
You also visited: Sewer, Ossuary, Bailey and Gauntlet.

You collected 3412 gold pieces.
You spent 1736 gold pieces at shops.

Inventory:

Hand Weapons
 a - a +0 trident
 b - the +5 short sword "Dufep" (weapon) {flame, Int+9}
   (You took it off a kobold demonologist on level 13 of the Dungeon)

   It has been specially enchanted to burn those struck by it, causing extra
   injury to most foes and up to half again as much damage against particularly
   susceptible opponents.
   It affects your intelligence (+9).
Missiles
 d - 3 atropa-tipped darts
 m - 16 curare-tipped darts
 u - 55 boomerangs
 w - 21 javelins
 y - 28 poisoned darts (quivered)
 V - 4 silver boomerangs
Armour
 J - a +2 hat (worn)
 W - a +0 shield (worn)
Magical Staves
 T - an uncursed staff of cold
Jewellery
 c - the ring "Suebyz" (on tentacle) {rPois Int+4 Stlth+}
   (You found it on level 1 of the Lair of Beasts)

   [ring of intelligence]

   It affects your intelligence (+4).
   It protects you from poison.
   It makes you more stealthy.
 j - an amulet of the gourmand (around mantle)
 B - a ring of positive energy (on tentacle)
 C - a +3 ring of dexterity (left tentacle)
 G - a ring of see invisible (right tentacle)
 O - a +3 ring of dexterity (on tentacle)
 R - a ring of fire (on tentacle)
 U - a +3 ring of slaying (on tentacle)
 Y - a ring of wizardry (on tentacle)
Wands
 f - a wand of digging (24)
 q - a wand of iceblast (10)
 z - a wand of flame (47)
 A - a wand of acid (10)
 H - a wand of clouds (5)
 L - a wand of paralysis (5)
 Q - a wand of enslavement (11)
Scrolls
 e - 5 scrolls of remove curse
 g - a scroll of magic mapping
 h - 4 scrolls of fog
 i - 6 scrolls of enchant weapon
 p - 2 scrolls of blinking
 t - 9 scrolls of teleportation
 x - 13 scrolls of identify
 E - 3 scrolls of enchant armour
 I - 2 scrolls of vulnerability
 Z - a scroll of immolation
Potions
 k - 9 potions of flight
 l - 10 potions of curing
 n - 5 potions of brilliance
 o - 6 potions of magic
 r - 5 potions of might
 s - 4 potions of haste
 v - 11 potions of heal wounds
 D - 10 potions of lignification
 F - 2 potions of berserk rage
 M - 2 potions of resistance
 N - 2 potions of ambrosia
 S - a potion of cancellation
Miscellaneous
 P - a lamp of fire (inert)
Comestibles
 K - 6 chunks of flesh
 X - 47 rations


   Skills:
 + Level 11.1 Fighting
 + Level 4.5 Short Blades
 - Level 12.0 Polearms
 - Level 6.0 Throwing
 - Level 6.0 Dodging
 - Level 5.7 Stealth
 * Level 4.8 Shields
 - Level 12.0 Spellcasting
 - Level 8.0 Conjurations
 - Level 3.1 Hexes
 - Level 5.1 Summonings
 - Level 2.3 Translocations
 - Level 9.0 Fire Magic
 - Level 5.1 Air Magic
 - Level 3.0 Earth Magic
 - Level 2.2 Poison Magic
 - Level 8.6 Invocations
 - Level 5.5 Evocations


You had 10 spell levels left.
You knew the following spells:

 Your Spells              Type           Power        Failure   Level  Hunger
a - Flame Tongue          Conj/Fire      #####        1%          1    None
b - Conjure Flame         Conj/Fire      #######.     1%          3    None
c - Inner Flame           Hex/Fire       ######..     1%          3    None
d - Sticky Flame          Conj/Fire      #######.     1%          4    None
e - Blink                 Tloc           N/A          1%          2    None
f - Mephitic Cloud        Conj/Pois/Air  ######..     1%          3    None
g - Fireball              Conj/Fire      #######...   2%          5    #......
h - Summon Lightning Spi  Summ/Air       ######..     4%          4    None
i - Stone Arrow           Conj/Erth      ######       1%          3    None
j - Apportation           Tloc           #####.       1%          1    None

Your spell library contained the following spells:

 Spells                   Type           Power        Failure   Level  Hunger
 Corona                   Hex            #####..      1%          1    None
 Magic Dart               Conj           ####         1%          1    None
 Summon Small Mammal      Summ           ####         1%          1    None
 Call Imp                 Summ           ######..     1%          2    None
 Searing Ray              Conj           ######       1%          2    None
 Slow                     Hex            #####...     1%          2    None
 Throw Flame              Conj/Fire      ######       1%          2    None
 Call Canine Familiar     Summ           ######..     1%          3    None
 Dazzling Spray           Conj/Hex       ######       1%          3    None
 Summon Guardian Golem    Hex/Summ       #####...     1%          3    None
 Iskenderun's Mystic Bla  Conj           ######..     1%          4    None
 Recall                   Summ/Tloc      N/A          2%          3    None
 Pain                     Necr           ###.         3%          1    None
 Portal Projectile        Hex/Tloc       #####.       3%          3    None
 Fulminant Prism          Conj/Hex       ######....   3%          4    None
 Gell's Gravitas          Tloc           #####.....   4%          3    None
 Force Lance              Conj/Tloc      ######..     4%          4    None
 Corpse Rot               Necr           N/A          5%          2    None
 Cause Fear               Hex            #####.....   9%          4    None
 Leda's Liquefaction      Hex/Erth       #####.....   10%         4    None
 Summon Ice Beast         Ice/Summ       #####...     12%         4    None
 Aura of Abjuration       Summ           ######....   12%         5    #......
 Summon Demon             Summ           ######....   12%         5    #......
 Bolt of Draining         Conj/Necr      #####.....   17%         5    #......
 Summon Mana Viper        Hex/Summ       #####...     17%         5    #......
 Summon Forest            Summ/Tloc      #####.....   21%         5    #......
 Animate Dead             Necr           N/A          32%         4    None
 Borgnjor's Vile Clutch   Necr/Erth      ####......   43%         5    #......
 Shadow Creatures         Summ           N/A          52%         6    ####...
 Excruciating Wounds      Chrm/Necr      ###.......   65%         5    #......
 Summon Hydra             Summ           ######....   96%         7    ######.
 Death Channel            Necr           ###.......   99%         6    ####...
 Hydra Form               Tmut           ###.......   99%         6    ####...
 Simulacrum               Ice/Necr       ###.......   99%         6    ####...


Dungeon Overview and Level Annotations

Branches:
Dungeon (15/15)            Temple (1/1) D:5            Lair (6/6) D:10
 Shoals (0/4) Lair:3       Spider (3/4) Lair:2        Slime (0/5) Lair:6
    Orc (2/2) D:11            Elf (0/3) Orc:2        Depths (0/5) D:15
  Sewer (visited)         Ossuary (visited)          Bailey (visited)
Gauntlet (visited)
 Vaults: D:13-14

Altars:
Ashenzari
Cheibriados
Dithmenos
Elyvilon
Fedhas
Hepliaklqana
Kikubaaqudgha
Makhleb
Nemelex Xobeh
Qazlal
Ru
Sif Muna
Trog
Vehumet
Wu Jian
Xom
Yredelemnul
Zin
The Shining One
Lugonu

Shops:
D:11 [   D:13 %   Orc:1 [   Orc:2 !(?((

Annotations:
D:6 exclusion: downstairs
D:10 exclusion: downstairs
D:12 exclusion: downstairs
D:13 exclusion: 2 dancing weapons
Lair:1 Bootixa's ghost, journeyman DrTm; Diniver's ghost, journeyman DsFi
Lair:2 exclusions: 2 downstairs and upstairs
Lair:3 2 runed translucent doors, exclusion: downstairs, Rix Moix's ghost, journeyman GrFi
Lair:4 exclusion: 2 downstairs
Lair:5 exclusion: downstairs
Spider:1 exclusion: downstairs


Innate Abilities, Weirdness & Mutations

You cannot wear most types of armour.
You are very stealthy in the water. (Stealth+)
You are amphibious.
You can wear up to eight rings at the same time.
You can use your tentacles to constrict eight enemies at once.
Your skin changes colour to match your surroundings (Stealth+).
Your rubbery body absorbs attacks. (AC +1, EV +1)
You are partially covered in icy blue scales. (AC +2)
You possess an exceptional clarity of mind.


Message History

The jumping spider pounces on you! The jumping spider misses you.
The jumping spider pounces on you!
You are caught in a web!
The jumping spider barely misses you. The jumping spider pounces on you!
You are even more entangled.
The jumping spider bites you.
You struggle to detach yourself from the web.
The jumping spider burns!
The demonic crawler completely misses you.
The demonic crawler closely misses you. The demonic crawler barely misses you.
The jumping spider pounces on you.
* * * LOW HITPOINT WARNING * * *
You are even more entangled.
The jumping spider closely misses you.
The jumping spider leaps!
The demonic crawler hits you!
* * * LOW HITPOINT WARNING * * *
The demonic crawler hits you!
* * * LOW HITPOINT WARNING * * *
The demonic crawler hits you.
* * * LOW HITPOINT WARNING * * *
The jumping spider pounces on you!
You die...
Fedhas appreciates your contribution to the ecosystem.

.......###
.#......#
.(...... .#
......
..≈###..s.
#......#
#....○s#
#...†@.# #..
.#...PsP##...≈.
#.....sP<.≈#
.#.....§PP.#
#..........#
#..#.......#
###≈.....≈≈#
##...##≈##
#..## ##


You could see a demonic crawler, an orb spider, 2 jumping spiders and a friendly
ballistomycete.

Vanquished Creatures
  Nikola (Spider:2)
  Arachne (Spider:2)
  Gastronok (Lair:2)
  A ghost moth (Spider:2)
  4 entropy weavers (Spider:1)
  Nessos (Orc:2)
  A minotaur (Gauntlet)
  The ghost of shugdite the Fencer, a journeyman MiMo of Okawaru (Lair:1)
  10 hydras
  2 catoblepae
  Erolcha (Orc:2)
  3 centaur warriors
  4 two-headed ogres
  A dancing weapon (D:13)
  A tengu warrior (D:13)
  Urug (D:13)
  3 orc high priests (Orc:2)
  Sonja (Lair:5)
  An unseen horror (D:13)
  A wizard (D:14)
  2 skeletal warriors (D:15)
  2 necromancers
  A flayed ghost (D:15)
  A frost giant zombie (D:15)
  A wolf spider zombie (D:15)
  3 orc knights
  2 deep elf magi (D:13)
  3 orb spiders
  6 ugly things
  A manticore (D:10)
  9 wolf spiders
  A fire giant zombie (D:15)
  4 orc sorcerers (Orc:2)
  2 cyclopes
  8 elephants
  A moth of wrath (Gauntlet)
  3 centaur zombies
  5 black mambas
  A torpor snail (Spider:1)
  A black mamba (shapeshifter) (D:13)
  3 gargoyles
  4 spiny frogs
  3 komodo dragons
  A yaktaur zombie (D:15)
  3 kobold demonologists (D:10)
  A rime drake (Lair:5)
  4 demonic crawlers (Spider:2)
  10 jumping spiders
  A troll (D:13)
  4 hornets
  3 polar bears (Lair:6)
  2 slime creatures (Lair:6)
  11 hippogriffs
  A spriggan zombie (D:15)
  11 blink frogs
  2 dream sheep (Lair:6)
  6 tarantellas
  3 flying skulls (Gauntlet)
  40 yaks
  A redback (shapeshifter) (D:15)
  13 spriggans (Lair:6)
  4 centaur simulacra (Gauntlet)
  5 wyverns
  A shadow (D:15)
  20 redbacks
  A water elemental (D:13)
  4 basilisks
  A human (D:10)
  5 hungry ghosts
  5 vampire mosquitoes
  Menkaure (Ossuary)
  A warg (D:11)
  3 soldier ants
  11 water moccasins
  2 acid dragons
  A floating eye (shapeshifter) (D:13)
  14 porcupines
  5 sky beasts
  20 orc warriors
  An eye of draining (D:15)
  A hornet zombie (D:8)
  13 ogres
  3 phantoms
  3 ice beasts
  35 wolves
  17 centaurs
  3 black bears (Lair:6)
  6 boggarts
  16 crocodiles
  5 big kobolds
  12 bullfrogs
  A water moccasin zombie (D:7)
  A spiny frog simulacrum (Gauntlet)
  A wyvern skeleton (D:10)
  5 scorpions
  A killer bee (D:10)
  4 electric eels
  2 howler monkeys
  13 crimson imps
  A quasit (D:10)
  7 hounds
  3 bullfrog zombies
  6 jellies
  3 centaur skeletons
  13 orc priests
  3 iguanas
  5 bullfrog skeletons
  12 orc wizards
  22 worker ants
  3 polar bear simulacra (Lair:5)
  A wolf simulacrum (Lair:5)
  4 yak simulacra (Lair:5)
  A hound zombie (D:10)
  2 hound skeletons
  3 mummies (Ossuary)
  6 gnolls
  A howler monkey skeleton (D:10)
  12 adders
  6 river rats
  5 shadow imps
  4 white imps (D:7)
  An adder zombie (D:6)
  3 oozes (Sewer)
  A worm (D:3)
  4 dart slugs
  5 leopard geckos
  68 orcs
  6 bats
  5 giant cockroaches
  4 hobgoblins
  8 jackals
  4 quokkas
  3 ball pythons
  A ball python skeleton (D:5)
  7 frilled lizards
  3 gnoll skeletons (Ossuary)
  3 gnoll zombies (Ossuary)
  18 goblins
  4 goblin skeletons (Ossuary)
  6 goblin zombies (Ossuary)
  5 hobgoblin skeletons (Ossuary)
  3 hobgoblin zombies (Ossuary)
  A jackal skeleton (D:5)
  36 kobolds
  2 kobold skeletons (Ossuary)
  3 kobold zombies (Ossuary)
  5 orc skeletons (Ossuary)
  5 orc zombies (Ossuary)
  17 rats
  5 rat skeletons (Ossuary)
  4 rat zombies (Ossuary)
  2 river rat simulacra (Lair:5)
  2 ballistomycete spores
838 creatures vanquished.

Vanquished Creatures (collateral kills)
  An ettin (Orc:2)
  Snorg (D:11)
  2 fire dragons (D:15)
  A rakshasa (D:13)
  A centaur warrior (D:14)
  A queen ant (Spider:1)
  2 orc knights (Orc:2)
  2 orc sorcerers
  A kobold demonologist (D:13)
  A meliai (D:13)
  A hornet (Gauntlet)
  2 flying skulls (Gauntlet)
  A vampire mosquito (D:13)
  A hungry ghost (D:12)
  2 wargs
  2 soldier ants (Spider:1)
  8 orc warriors
  2 ogres
  2 wolves (Gauntlet)
  5 centaurs (D:14)
  A gnoll sergeant (Orc:1)
  3 orc priests (Orc:2)
  6 orc wizards
  11 worker ants (Spider:1)
  4 gnolls (Orc:1)
  7 orcs
  A river rat simulacrum (Lair:5)
  33 ballistomycete spores
105 creatures vanquished.

Vanquished Creatures (others)
  A gnoll skeleton (Ossuary)
  An orc zombie (Ossuary)
  A ballistomycete spore (Lair:4)
  A bush (Lair:6)
  2 demonic plants (D:10)
  24 fungi
  27 plants
  3 withered plants (D:15)
60 creatures vanquished.

Grand Total: 1003 creatures vanquished

Notes
Turn   | Place    | Note
-------+----------+-------------------------------------------
     0 | D:1      | jeoneungja the Octopode Fire Elementalist began the quest
                  | for the Orb.
     0 | D:1      | Reached XP level 1. HP: 11/11 MP: 3/3
   272 | D:1      | Reached XP level 2. HP: 17/17 MP: 5/5
  1108 | D:2      | Reached XP level 3. HP: 22/22 MP: 6/6
  1113 | D:2      | Learned a level 3 spell: Conjure Flame
  1462 | D:2      | Reached XP level 4. HP: 12/27 MP: 5/7
  1683 | D:2      | Found a shimmering altar of Xom.
  1696 | D:2      | Reached skill level 1 in Fighting
  2350 | D:2      | Found a shimmering altar of Xom.
  2353 | D:2      | Found a shimmering altar of Xom.
  2354 | D:2      | Found a shimmering altar of Xom.
  2356 | D:2      | Found a shimmering altar of Xom.
  2397 | D:2      | Found a shimmering altar of Xom.
  2621 | D:3      | Reached XP level 5. HP: 33/33 MP: 8/8
  2666 | D:3      | Found a faded altar of an unknown god.
  2726 | D:3      | Reached skill level 1 in Throwing
  3092 | D:3      | Noticed an orc warrior
  3120 | D:3      | Killed an orc warrior
  3120 | D:3      | Reached XP level 6. HP: 39/39 MP: 2/10
  3878 | D:3      | Learned a level 3 spell: Inner Flame
  4238 | D:4      | Reached XP level 7. HP: 45/45 MP: 11/11
  4244 | D:4      | Learned a level 4 spell: Sticky Flame
  4337 | D:4      | Found a bloodstained altar of Trog.
  4402 | D:4      | You fall into a shaft and drop 2 floors!
  4531 | D:6      | Reached skill level 1 in Polearms
  4927 | D:6      | Reached XP level 8. HP: 45/51 MP: 8/13
  4963 | D:5      | Entered Level 5 of the Dungeon
  5129 | D:5      | Found a glowing drain.
  5138 | Sewer    | Entered a sewer
  5505 | Sewer    | Reached skill level 1 in Hexes
  5505 | Sewer    | Reached skill level 5 in Fire Magic
  5584 | D:5      | Found a staircase to the Ecumenical Temple.
  5593 | Temple   | Entered the Ecumenical Temple
  5634 | Temple   | Became a worshipper of Fedhas Madash
  6375 | D:5      | Reached * piety under Fedhas
  7160 | D:4      | Learned a level 2 spell: Blink
  7175 | D:4      | Reached XP level 9. HP: 57/57 MP: 15/15
  7423 | D:4      | Reached skill level 1 in Translocations
  7600 | D:4      | Found a burning altar of Makhleb.
  7635 | D:4      | Learned a level 3 spell: Mephitic Cloud
  8869 | D:7      | Reached ** piety under Fedhas
  8889 | D:7      | Found a sand-covered staircase.
  8894 | Ossuary  | Entered an ossuary
 10148 | Ossuary  | Reached *** piety under Fedhas
 10924 | Ossuary  | Noticed Menkaure
 10948 | Ossuary  | Killed Menkaure
 11081 | D:7      | Reached skill level 5 in Polearms
 11081 | D:7      | Reached skill level 5 in Spellcasting
 11081 | D:7      | Reached skill level 1 in Invocations
 11592 | D:7      | Found a glowing silver altar of Zin.
 12460 | D:8      | Found an ancient bone altar of Kikubaaqudgha.
 12554 | D:8      | Reached XP level 10. HP: 54/63 MP: 12/18
 12648 | D:8      | Reached skill level 5 in Throwing
 12716 | D:8      | Reached **** piety under Fedhas
 13520 | D:9      | Found a shadowy altar of Dithmenos.
 13676 | D:9      | Found a basalt altar of Yredelemnul.
 13997 | D:10     | Entered Level 10 of the Dungeon
 14350 | D:10     | Reached skill level 1 in Poison Magic
 14811 | D:10     | Noticed a manticore
 14937 | D:10     | Reached skill level 5 in Fighting
 15002 | D:10     | Noticed a purple ugly thing
 15308 | D:10     | Noticed a kobold demonologist
 15340 | D:10     | Killed a purple ugly thing
 15505 | D:10     | Noticed a kobold demonologist
 15523 | D:10     | Killed a kobold demonologist
 15528 | D:10     | Noticed a sun demon
 15536 | D:10     | Killed a kobold demonologist
 15536 | D:10     | Reached XP level 11. HP: 40/72 MP: 13/20
 15723 | D:10     | Killed a manticore
 15740 | D:10     | Found a corrupted altar of Lugonu.
 15886 | D:10     | Noticed a cyclops
 15978 | D:10     | Killed a cyclops
 16558 | D:10     | Learned a level 5 spell: Fireball
 17341 | D:10     | Reached ***** piety under Fedhas
 17349 | D:10     | Found a staircase to the Lair.
 17945 | D:11     | Noticed Snorg
 18141 | D:11     | Noticed a four-headed hydra
 18170 | D:11     | Killed a four-headed hydra
 18170 | D:11     | Reached skill level 5 in Invocations
 18439 | Lair:1   | Entered Level 1 of the Lair of Beasts
 18542 | Lair:1   | Found a runed translucent gate.
 19198 | Lair:1   | Reached XP level 12. HP: 73/81 MP: 23/23
 19299 | Lair:1   | Found a runed translucent gate.
 19300 | Lair:1   | Found a runed translucent gate.
 19302 | Lair:1   | Noticed shugdite's ghost (journeyman MiMo)
 19303 | Lair:1   | Noticed Diniver's ghost (journeyman DsFi)
 19303 | Lair:1   | Noticed Bootixa's ghost (journeyman DrTm)
 19311 | Lair:1   | Learned a level 4 spell: Summon Lightning Spire
 20512 | Lair:2   | Noticed a five-headed hydra
 20527 | Lair:2   | Killed a five-headed hydra
 20869 | Lair:1   | Reached skill level 5 in Conjurations
 21183 | Lair:2   | Noticed Gastronok
 21214 | Lair:2   | Killed Gastronok
 21732 | Lair:2   | Found a hole to the Spider Nest.
 22190 | Lair:2   | Reached skill level 10 in Polearms
 23093 | Lair:3   | Reached XP level 13. HP: 70/88 MP: 21/25
 23225 | Lair:3   | Found a staircase to the Shoals.
 23271 | Lair:3   | Found a large runed translucent door.
 23271 | Lair:3   | Found a large runed translucent door.
 23272 | Lair:3   | Noticed Rix Moix's ghost (journeyman GrFi)
 24276 | Lair:4   | Reached ****** piety under Fedhas
 26790 | Lair:5   | Noticed Sonja
 26798 | Lair:5   | Killed Sonja
 27994 | Lair:6   | Entered Level 6 of the Lair of Beasts
 28408 | Lair:1   | Got a clouded iron ring
 28430 | Lair:2   | Identified the ring "Suebyz" {rPois Int+4 Stlth+} (You
                  | found it on level 1 of the Lair of Beasts)
 28873 | Lair:6   | Found a staircase to the Slime Pits.
 28906 | Lair:6   | Gained mutation: Your magical capacity is low. (-10% MP)
                  | [potion of mutation]
 28906 | Lair:6   | Gained mutation: You evolve. [potion of mutation]
 29638 | Lair:6   | Reached skill level 1 in Shields
 29966 | Lair:6   | Reached XP level 14. HP: 70/97 MP: 13/25
 30015 | Lair:6   | Reached skill level 10 in Spellcasting
 30018 | Lair:6   | HP: 3/97 [wolf (8)]
 30663 | Lair:6   | Identified Qeluluip's Papyrus of the Unholy Entourage
 30668 | Lair:6   | Lost mutation: Your magical capacity is low. (-10% MP)
                  | [evolution]
 30686 | Lair:6   | Reached skill level 1 in Summonings
 30686 | Lair:6   | Reached skill level 1 in Air Magic
 33159 | D:11     | Found Fisidwemp's Antique Armour Shop.
 33164 | D:11     | Bought an ichor-stained buckler for 304 gold pieces
 33164 | D:11     | Identified the cursed -6 buckler of Hamugim {*Slow +Blink
                  | SInv} (You bought it in a shop on level 11 of the Dungeon)
 33165 | D:11     | Bought a shiny buckler for 240 gold pieces
 33322 | D:11     | Found a staircase to the Orcish Mines.
 33355 | D:11     | Killed Snorg
 34197 | D:11     | You fall into a shaft and drop 3 floors!
 34197 | D:14     | Found a flagged portal.
 34356 | D:14     | Gained mutation: You possess an exceptional clarity of
                  | mind. [evolution]
 34456 | Bailey   | Entered a bailey
 36987 | D:13     | Found Fabb's Food Emporium.
 37168 | D:12     | Found a gate leading to a gauntlet.
 37177 | Gauntlet | Entered a Gauntlet
 37177 | Gauntlet | Found a transporter.
 37177 | Gauntlet | Found a transporter.
 37178 | Gauntlet | Found a transporter.
 37181 | Gauntlet | Found a transporter.
 37181 | Gauntlet | Found a transporter.
 37183 | Gauntlet | Found a large runed translucent door.
 37184 | Gauntlet | Found a large runed translucent door.
 37185 | Gauntlet | Found a large runed translucent door.
 37185 | Gauntlet | Found a large runed translucent door.
 37185 | Gauntlet | Found a runed translucent door.
 37186 | Gauntlet | Found a large runed translucent door.
 37187 | Gauntlet | Found a large runed translucent door.
 37188 | Gauntlet | Found a large runed translucent door.
 37188 | Gauntlet | Found a large runed translucent door.
 37189 | Gauntlet | Found a runed translucent gate.
 37191 | Gauntlet | Found a transporter.
 37195 | Gauntlet | Found a runed translucent gate.
 37195 | Gauntlet | Found a transporter.
 37196 | Gauntlet | Found a runed translucent gate.
 37196 | Gauntlet | Found a runed translucent door.
 37257 | Gauntlet | Found a transporter.
 37267 | Gauntlet | Found a transporter.
 37282 | Gauntlet | Found a transporter.
 37294 | Gauntlet | Found a transporter.
 37307 | Gauntlet | Found a transporter.
 37309 | Gauntlet | Found a large runed translucent door.
 37310 | Gauntlet | Found a large runed translucent door.
 37311 | Gauntlet | Found a large runed translucent door.
 37311 | Gauntlet | Found a large runed translucent door.
 37337 | Gauntlet | Found a large runed translucent door.
 37337 | Gauntlet | Found a large runed translucent door.
 37338 | Gauntlet | Found a large runed translucent door.
 37339 | Gauntlet | Found a large runed translucent door.
 37785 | Gauntlet | Learned a level 3 spell: Mephitic Cloud
 38122 | Gauntlet | Paralysed by a hornet for 2 turns
 41119 | D:13     | Reached XP level 15. HP: 103/103 MP: 20/30
 41135 | D:13     | Gained mutation: You are partially covered in icy blue
                  | scales. (AC +2) [evolution]
 41135 | D:13     | Lost mutation: You evolve. [end of evolution]
 41292 | D:13     | Learned a level 3 spell: Stone Arrow
 41732 | D:13     | Reached skill level 1 in Earth Magic
 42255 | D:13     | Noticed Urug
 42302 | D:13     | Killed Urug
 42399 | D:13     | Identified the +5 short sword "Dufep" {flame, Int+9}
 42787 | D:13     | Reached skill level 1 in Evocations
 42859 | D:13     | Reached skill level 5 in Summonings
 43031 | D:13     | Reached skill level 5 in Air Magic
 43272 | D:13     | Identified the Handbook of Creative Displacement
 43276 | D:13     | Learned a level 1 spell: Apportation
 44042 | D:15     | Entered Level 15 of the Dungeon
 44460 | D:15     | Found a sparkling altar of Nemelex Xobeh.
 45100 | D:15     | Found a staircase to the Depths.
 46164 | D:15     | Found a sparkling altar of Nemelex Xobeh.
 46266 | Orc:1    | Entered Level 1 of the Orcish Mines
 46364 | Orc:1    | Found Damiagikh's Antique Armour Emporium.
 46786 | Orc:2    | Entered Level 2 of the Orcish Mines
 46786 | Orc:2    | Found a staircase to the Elven Halls.
 46995 | Orc:2    | Found Enifarow's Distillery.
 47008 | Orc:2    | Bought a potion of heal wounds for 60 gold pieces
 47008 | Orc:2    | Bought a potion of might for 48 gold pieces
 47131 | Orc:2    | Noticed Nessos
 47142 | Orc:2    | Killed Nessos
 47203 | Orc:2    | Noticed Erolcha
 47330 | Orc:2    | Killed Erolcha
 47332 | Orc:2    | Reached skill level 10 in Fighting
 47985 | Orc:2    | Reached skill level 5 in Stealth
 48451 | Orc:2    | Found Tiraun's Antique Weapon Shoppe.
 48451 | Orc:2    | Found Xusch's Antique Weapon Shoppe.
 48452 | Orc:2    | Found Enwuynyo's Magic Scroll Boutique.
 48457 | Orc:2    | Found Fesas's Weapon Boutique.
 48473 | Orc:2    | Bought 2 scrolls of blinking for 240 gold pieces
 48582 | Orc:2    | Bought a fine fustibalus for 520 gold pieces
 48582 | Orc:2    | Identified the +8 fustibalus of Mafuwn {flame, *Contam
                  | rElec rPois Dex+4} (You bought it in a shop on level 2 of
                  | the Orcish Mines)
 48595 | Orc:2    | Bought an ebony morningstar for 324 gold pieces
 48595 | Orc:2    | Identified the +8 morningstar "Giantbane" {crush, *Contam
                  | rElec rF+ Int+4} (You bought it in a shop on level 2 of the
                  | Orcish Mines)
 48741 | Lair:1   | Killed shugdite's ghost
 48954 | Spider:1 | Entered Level 1 of the Spider Nest
 48964 | Spider:1 | Reached skill level 1 in Short Blades
 48964 | Spider:1 | Reached skill level 5 in Dodging
 49567 | Spider:1 | Reached skill level 5 in Evocations
 49567 | Spider:1 | Reached XP level 16. HP: 31/110 MP: 9/32
 51255 | Spider:2 | Noticed Arachne
 51264 | Spider:2 | Killed Arachne
 52037 | Spider:2 | Noticed Nikola
 52047 | Spider:2 | Killed Nikola
 53198 | Spider:3 | Slain by a jumping spider

Levels and vault maps discovered:
D:1:      eino_arrival_water_star, layout_rooms
D:2:      layout_loops_corners, xom_redecorated
D:3:      layout_loops_ring, chequers_ecumenical_altar_grove,
          minmay_diced_spiral
D:4:      layout_loops_ring, marbit_many_paths, kennysheep_mini,
          chequers_serial_rivers_small_b
D:5:      layout_rooms, minmay_temple_entry_trees, serial_curves,
          eino_curves_01, eino_curves_03, first_ration, portal_sewer_entry_e
D:6:      layout_loops_ring
D:7:      layout_basic, kennysheep_mini_moat, enter_ossuary_5, minmay_nine_imps
D:8:      layout_basic, basic_altar
D:9:      layout_irregular_city, nicolae_dithmenos_the_darkroom,
          old_standard_altar, minmay_misc_feat_secret_circle
D:10:     kennysheep_kobold_lugonu_temple, layout_small_grid,
          david_lair_shrubbed, grunt_pizzeria, minmay_shattered_shrine
D:11:     layout_layer_cave, erik_orc_4, serial_shops, kennysheep_little_box,
          uniq_snorg
D:12:     layout_layer_cave, gauntlet_entry_generic
D:13:     minmay_concentric_multi, layout_basic, erik_vaults_1, serial_shops,
          nicolae_shop_statue_plus, uniq_urug
D:14:     layout_cave_pods, enter_bailey_3, minmay_strange_pillars
D:15:     gammafunk_depths_entry_grave, layout_basic, basic_altar,
          roderic_lattice_a, nemelex_diamond_rough_becter
Temple:   eino_temple_rhombus
Lair:1:   layout_regular_city, gammafunk_ghost_cemetery,
          chequers_serial_rivers_micro_c, beast_lair_carwin_6
Lair:2:   layout_regular_city, spider_nest_entry_funnel_web, lemuel_fruit_tree,
          uniq_gastronok
Lair:3:   layout_roguey, elwin_shoals_entry_rocks, ebering_ghost_disaster_area
Lair:4:   layout_regular_city
Lair:5:   wad_woods_structure_01, layout_gridlike, eino_house_with_fridge,
          uniq_sonja
Lair:6:   minmay_lair_end_enchanted_forest, layout_gridlike,
          minmay_slime_entry_pillars, serial_bayou_shore_b
Spider:1: layout_spider_delve, minmay_another_anthill
Spider:2: layout_spider_delve, uniq_nikola, uniq_arachne
Spider:3: layout_spider_delve
Orc:1:    layout_caves, serial_shops, shop_fountains
Orc:2:    st_orc_elflike, layout_caves, serial_shops, shop, uniq_erolcha,
          uniq_nessos

Skill      XL: |  1  2  3  4  5  6  7  8  9 10 11 12 13 14 15 16 |
---------------+-------------------------------------------------+-----
Fighting       | 1 2 3 4 5 7 8 9 10 11 | 11.1
Conjurations   | 2 3 4 6 7 8 |  8.0
Throwing       | 1 2 3 4 6 |  6.0
Fire Magic     | 4 5 6 7 8 9 |  9.0
Dodging        | 3 4 5 6 |  6.0
Spellcasting   | 3 4 5 6 7 8 9 11 12 | 12.0
Polearms       | 1 4 5 7 9 10 11 12 | 12.0
Hexes          | 2 3 |  3.1
Translocations | 2 |  2.3
Invocations    | 2 3 5 6 7 8 |  8.6
Poison Magic   | 2 |  2.2
Stealth        | 3 4 5 |  5.7
Shields        | 1 3 4 |  4.8
Summonings     | 4 5 |  5.1
Air Magic      | 4 5 |  5.1
Earth Magic    | 3 |  3.0
Evocations     | 5 |  5.5
Short Blades   | 1 4 |  4.5

Action                   |  1- 3 |  4- 6 |  7- 9 | 10-12 | 13-15 | 16-18 || total
-------------------------+-------+-------+-------+-------+-------+-------++-------
Melee: Unarmed           |    30 |       |       |       |       |       ||    30
       Constrict         |    21 |    26 |    55 |    48 |    95 |    16 ||   261
       Tentacles         |    13 |    14 |    35 |    64 |   161 |    14 ||   301
       Short sword       |    46 |    89 |       |       |    60 |    48 ||   243
       Trident           |       |     3 |   286 |   495 |   838 |     7 ||  1629
Throw: Dart              |     5 |    27 |    74 |   274 |   263 |    50 ||   693
       Throwing net      |       |       |     1 |       |     1 |       ||     2
       Boomerang         |       |       |   163 |    56 |   226 |    36 ||   481
       Javelin           |       |       |       |       |     1 |     3 ||     4
 Cast: Flame Tongue      |     6 |    16 |   130 |    74 |   264 |     5 ||   495
       Conjure Flame     |       |     2 |    11 |    48 |    86 |    14 ||   161
       Sticky Flame      |       |       |     3 |    27 |    69 |    16 ||   115
       Inner Flame       |       |       |       |     2 |     1 |       ||     3
       Fireball          |       |       |       |     8 |   135 |    20 ||   163
       Blink             |       |       |       |       |     4 |       ||     4
       Summon Lightning  |       |       |       |       |    66 |    10 ||    76
       Mephitic Cloud    |       |       |       |       |     1 |     1 ||     2
       Stone Arrow       |       |       |       |       |    17 |    10 ||    27
       Apportation       |       |       |       |       |     1 |     4 ||     5
Invok: Grow Ballistomyce |       |       |       |     1 |     3 |     1 ||     5
       Wall of Briars    |       |       |       |       |     1 |     1 ||     2
Evoke: Wand              |       |       |     2 |     6 |     7 |     2 ||    17
       Lamp of fire      |       |       |       |       |     1 |     1 ||     2
  Use: Scroll            |       |     3 |    16 |     5 |    18 |     3 ||    45
       Potion            |       |     2 |     2 |     1 |     6 |     1 ||    12
 Stab: Sleeping          |     7 |     7 |    13 |     2 |     4 |       ||    33
       Distracted        |       |       |     1 |       |     5 |     2 ||     8
       Paralysed         |       |       |       |       |     6 |       ||     6
       Invisible         |       |       |       |       |     2 |       ||     2
       Confused          |       |       |       |       |     3 |     2 ||     5
  Eat: Chunk             |    12 |     7 |    29 |    45 |   102 |     3 ||   198
Armor: Skin              |     3 |     7 |    17 |    21 |    53 |    10 ||   111
Dodge: Dodged            |    49 |    32 |   198 |   244 |   354 |    60 ||   937
Block: Buckler           |       |       |       |       |   144 |    16 ||   160
       Shield            |       |       |       |       |       |    22 ||    22
